 Dungeon Crawl Stone Soup version 0.27-a0-1273-gec92ba881d (webtiles) character file.

Game seed: 2054879833623996768

6 ZappyNine the Magician (level 1, -1/13 HPs)
             Began as a Demonspawn Hedge Wizard on June 11, 2021.
             Slain by a kobold
             ... wielding a +0 whip
              (3 damage)
             ... on level 1 of the Dungeon.
             The game lasted 00:00:31 (636 turns).

ZappyNine the Magician (Demonspawn Hedge Wizard)     Turns: 636, Time: 00:00:31

Health: -1/13      AC:  2    Str: 10    XL:     1   Next: 75%
Magic:  1/4        EV: 12    Int: 15    God:
Gold:   22         SH:  0    Dex: 12    Spells: 5/6 levels left

rFire    . . .     SeeInvis .   a - +0 dagger
rCold    . . .     Faith    .   (no shield)
rNeg     . . .     Spirit   .   b - +0 robe
rPois    .         Reflect  .   c - +0 hat
rElec    .         Harm     .   (no cloak)
rCorr    .         Rampage  .   (no gloves)
Will     .....                  (no boots)
Stlth    ++........             (no amulet)
HPRegen  0.04/turn              (no ring)
MPRegen  0.09/turn              (no ring)

@: no status effects
A: no striking features
a: no special abilities


You were on level 1 of the Dungeon.
You visited 1 branch of the dungeon, and saw 1 of its levels.

You collected 22 gold pieces.

Inventory:

Hand Weapons
 a - a +0 dagger (weapon)
Armour
 b - a +0 robe (worn)
 c - a +0 hat (worn)
Scrolls
 d - 2 scrolls of enchant armour {unknown}
 e - a scroll of fear {unknown}
Potions
 f - a potion of degeneration {unknown}


   Skills:
 + Level 1.8 Dodging
 + Level 1.8 Stealth
 + Level 3.2 Spellcasting
 + Level 1.2 Conjurations
 + Level 1.0 Summonings
 + Level 0.8 Translocations


You had 5 spell levels left.
You knew the following spells:

 Your Spells              Type           Power      Damage    Failure   Level
a - Magic Dart            Conj           24%        1d4       12%         1

Your spell library contained the following spells:

 Spells                   Type           Power      Damage    Failure   Level
 Call Imp                 Summ           5%         N/A       21%         2
 Blink                    Tloc           N/A        N/A       22%         2
 Slow                     Hex            2%         N/A       30%         2
 Conjure Flame            Conj/Fire      4%         6-21      43%         3
 Mephitic Cloud           Conj/Pois/Air  3%         N/A       45%         3


Dungeon Overview and Level Annotations

Branches:
Dungeon (1/15)

Altars:


Message History

Press: ? - help, Shift-Dir - straight line, f - kobold
Aim: a kobold, wielding a +0 whip (100% to hit)
The magic dart hits the kobold but does no damage.
The kobold hits you with a +0 whip.
Unknown command.
Casting: Magic Dart (safe; 12% risk of failure)
Confirm with . or Enter, or press ? or * to list all spells.
Aiming: Magic Dart (safe; 12% risk of failure)
Press: ? - help, Shift-Dir - straight line, f/p - kobold
Aim: a kobold, wielding a +0 whip (100% to hit)
The magic dart hits the kobold but does no damage.
The kobold hits you but does no damage.
Unknown command.
Casting: Magic Dart (safe; 12% risk of failure)
Confirm with . or Enter, or press ? or * to list all spells.
Aiming: Magic Dart (safe; 12% risk of failure)
Press: ? - help, Shift-Dir - straight line, f/p - kobold
Aim: a kobold, wielding a +0 whip (100% to hit)
You miscast Magic Dart.
You are very lightly contaminated with residual magic.
Nothing appears to happen.
The kobold barely misses you.
Unknown command.
Casting: Magic Dart (safe; 12% risk of failure)
Confirm with . or Enter, or press ? or * to list all spells.
Aiming: Magic Dart (safe; 12% risk of failure)
Press: ? - help, Shift-Dir - straight line, f/p - kobold
Aim: a kobold, wielding a +0 whip (100% to hit)
The magic dart hits the kobold but does no damage.
The kobold hits you with a +0 whip.
* * * LOW HITPOINT WARNING * * *
Unknown command.
Your magical contamination has completely faded away.
Casting: Magic Dart (safe; 12% risk of failure)
Confirm with . or Enter, or press ? or * to list all spells.
Aiming: Magic Dart (safe; 12% risk of failure)
Press: ? - help, Shift-Dir - straight line, f/p - kobold
Aim: a kobold, wielding a +0 whip (100% to hit)
The magic dart hits the kobold but does no damage.
The kobold hits you with a +0 whip.
You die...

####....#......####..# #.#
#........#########..# #.#
#......#.#.......#..# #.#
......#..............####.#
##..#...#.#.#.............#
#......#.#.#..##..#.######
.###....#.#..##)...#
####.###.>...........#######
.......'....#@.............#
####.###...K#K#..##.###.##.#
#......#.#.#..##.# #.##.#
#.###..#...#..##.# #....# ##
#................# ####.# .#
#.......#..#..####### #.# .###
#.###...#..#..#####.###.# .'.#
#.......#..#..##.†......#
.#.#####.........#..##.##.#^#.#


You could see a kobold.

Vanquished Creatures
  A bat (D:1)
  2 giant cockroaches (D:1)
  A frilled lizard (D:1)
  2 rats (D:1)
6 creatures vanquished.

Notes
Turn   | Place    | Note
-------+----------+-------------------------------------------
     0 | D:1      | ZappyNine the Demonspawn Hedge Wizard began the quest for
                  | the Orb.
     0 | D:1      | Reached XP level 1. HP: 13/13 MP: 4/4
   636 | D:1      | Slain by a kobold

Illustrated notes

Levels and vault maps discovered:
D:1:      minmay_arrival_checkered_box, layout_basic

Action                   || total
-------------------------++-------
Melee: Dagger            ||    48
 Cast: Magic Dart        ||     4
 Stab: Sleeping          ||     1
Armor: Robe              ||    12
Dodge: Dodged            ||    46

Table legend: (Time is in decaauts)
 A = Elapsed time spent in this place.
 B = Non-inter-level travel time spent in this place.
 C = Inter-level travel time spent in this place.
 D = Time resting spent in this place.
 E = Time spent auto-exploring this place.
 F = Levels seen in this place.
 G = Mean time per level.
                   A        B        C        D        E       F      G
               +--------+--------+--------+--------+--------+-----+--------+
         Total |    636 |    636 |      0 |    182 |    333 |   1 |  636.0 |
       Dungeon |    636 |    636 |      0 |    182 |    333 |   1 |  636.0 |
               +--------+--------+--------+--------+--------+-----+--------+

Top non-repeatable levels by time:
     D:1: 636 daAuts
